 Dungeon Crawl Stone Soup version 0.25-a0-834-g55863b0b92 (webtiles) character file.

Game seed: 7885107723271414997, levelgen mode: deterministic

576 tilp the Bolt Thrower (level 7, -3/43 HPs)
             Began as a Kobold Arcane Marksman on Apr 22, 2020.
             Was an Initiate of Okawaru.
             Killed from afar by an orc (35 damage)
             ... with an exploding inner flame
             ... hexed by the player character
             ... on level 5 of the Dungeon.
             The game lasted 00:19:25 (5431 turns).

tilp the Bolt Thrower (Kobold Arcane Marksman)      Turns: 5431, Time: 00:19:26

Health: -3/43      AC: 10    Str: 10    XL:     7   Next: 62%
Magic:  12/12      EV: 14    Int: 14    God:    Okawaru [......]
Gold:   133        SH:  0    Dex: 15    Spells: 9/12 levels left

rFire    . . .     SeeInvis .   a - +0 hand crossbow
rCold    . . .     Gourm    .   (shield restricted)
rNeg     . . .     Faith    .   s - +1 leather armour
rPois    .         Spirit   .   (no helmet)
rElec    .         Reflect  .   (no cloak)
rCorr    .         Harm     .   n - +2 pair of gloves
MR       .....                  p - +2 pair of boots
Stlth    +.........             (no amulet)
HPRegen  0.14/turn              (no ring)
MPRegen  0.13/turn              (no ring)

@: very slightly contaminated
A: small, carnivore
a: Renounce Religion


You were on level 5 of the Dungeon.
You worshipped Okawaru.
Okawaru was noncommittal.
You were completely stuffed.

You visited 2 branches of the dungeon, and saw 6 of its levels.

You collected 133 gold pieces.

Inventory:

Hand Weapons
 a - a +0 hand crossbow (weapon)
 b - a +2 dagger of venom
 l - a +0 war axe
 C - a +2 trident of venom
Missiles
 d - 43 bolts (quivered)
 t - 34 poisoned darts
 w - 2 atropa-tipped darts
 z - 3 boomerangs
Armour
 n - a +2 pair of gloves (worn)
 p - a +2 pair of boots (worn)
 s - a +1 leather armour (worn)
Jewellery
 o - an uncursed ring of magical power {unknown}
Scrolls
 c - a scroll of remove curse
 m - a scroll of amnesia
 q - a scroll of fear {unknown}
 r - 2 scrolls of enchant armour
 u - a scroll of teleportation {unknown}
 x - a scroll of fog {unknown}
 y - a scroll of magic mapping {unknown}
 E - a scroll of blinking {unknown}
Potions
 g - a potion of haste
 h - a potion of invisibility
 i - a potion of lignification
 j - a potion of cancellation
 v - 3 potions of mutation
 A - a potion of heal wounds
 B - a potion of ambrosia {unknown}
Comestibles
 f - 5 rations
 D - 3 chunks of flesh


   Skills:
 - Level 4.0 Fighting
 - Level 6.0 Crossbows
 - Level 2.4 Dodging
 + Level 3.4 Spellcasting
 + Level 4.5 Hexes


You had 9 spell levels left.
You knew the following spells:

 Your Spells              Type           Power        Failure   Level  Hunger
a - Corona                Hex            ###....      4%          1    #......
b - Slow                  Hex            ###.....     6%          2    ##.....

Your spell library contained the following spells:

 Spells                   Type           Power        Failure   Level  Hunger
 Inner Flame              Hex/Fire       #.......     32%         3    ###....
 Portal Projectile        Hex/Tloc       #.....       32%         3    ###....
 Cause Fear               Hex            ###.......   38%         4    #####..
 Leda's Liquefaction      Hex/Erth       #.........   73%         4    #####..


Dungeon Overview and Level Annotations

Branches:
Dungeon (5/15)             Temple (1/1) D:4

Altars:
Ashenzari
Cheibriados
Dithmenos
Elyvilon
Fedhas
Gozag
Hepliaklqana
Kikubaaqudgha
Makhleb
Nemelex Xobeh
Okawaru
Qazlal
Ru
Sif Muna
Trog
Uskayaw
Vehumet
Wu Jian
Xom
Yredelemnul
Zin

Shops:
D:5 [

Annotations:
D:3 Sigmund
D:4 Edmund
D:5 Dowan


Innate Abilities, Weirdness & Mutations

You are small and have problems with some larger weapons.
You are carnivorous and can eat meat at any time.


Message History

You feel as if something is helping you.
It was a scroll of remove curse.
Dowan gestures wildly while chanting.
Dowan blinks!
As you read the scroll labeled QUXKUN DAAXEUQ, it crumbles to dust.
It is a scroll of amnesia.
Really abort (and waste the scroll)?
Okay, then.
The orc barely misses you.
As you read the scroll labeled UMUETU DETTAN, it crumbles to dust.
Your nose twitches suddenly!
It was a scroll of random uselessness.
Okay, then.
The orc completely misses you.
As you read the scroll labeled LOFOMIS QETHI, it crumbles to dust.
The creatures around you are filled with an inner flame!
It was a scroll of immolation.
The orc explodes!
The fiery explosion engulfs you!!
Ouch! That really hurt!
You die...

#........ #.. #.....[## ...
#.......# .. ##.......######
.....# .'......##....## #....#
#.......÷.....# #.[..
#......##....######## +...#
######§##....##.....##
#...#####+##....@§ce............#
#...............§o#.............#
#.................##(...##......#
..........##......##..§.##......#
∩.#.##....##########............#
....##....##......'.............#
#...##.....+.....o#..........).##
#...##.....#......###'########'##
...........#......##....##...(.##


You could see Dowan (inner flame), a centaur (inner flame) and an orc wizard
(inner flame).

Vanquished Creatures
  Duvessa (D:5)
  A hound (D:5)
  An orc priest (D:4)
  An iguana (D:5)
  2 orc wizards (D:4)
  6 worker ants
  11 adders
  An ooze (D:5)
  3 worms
  An adder skeleton (D:4)
  2 dart slugs (D:1)
  5 leopard geckos
  10 orcs
  2 giant cockroaches
  10 goblins
  7 hobgoblins
  2 quokkas
  A ball python (D:4)
  5 bats
  6 frilled lizards
  10 kobolds
  A quokka skeleton (D:5)
  14 rats
  A spectral orc (D:4)
104 creatures vanquished.

Notes
Turn   | Place    | Note
-------+----------+-------------------------------------------
     0 | D:1      | tilp the Kobold Arcane Marksman began the quest for the
                  | Orb.
     0 | D:1      | Reached XP level 1. HP: 12/12 MP: 2/2
   262 | D:1      | Reached skill level 3 in Crossbows
   278 | D:1      | Reached XP level 2. HP: 16/16 MP: 3/3
   282 | D:1      | Learned a level 2 spell: Slow
   741 | D:1      | Reached skill level 4 in Crossbows
   741 | D:1      | Reached XP level 3. HP: 20/20 MP: 4/4
  1530 | D:2      | Reached XP level 4. HP: 25/25 MP: 3/5
  1557 | D:2      | Reached skill level 5 in Crossbows
  1844 | D:2      | Found an opulent altar of Gozag.
  1844 | D:2      | Found a snail-covered altar of Cheibriados.
  1981 | D:2      | Found an ornate altar of the Wu Jian Council.
  2351 | D:3      | Noticed Sigmund
  2400 | D:3      | Found a faded altar of an unknown god.
  2554 | D:3      | Reached XP level 5. HP: 29/29 MP: 4/6
  2934 | D:4      | Reached skill level 6 in Crossbows
  3209 | D:4      | Reached XP level 6. HP: 33/37 MP: 4/7
  3380 | D:4      | Noticed Edmund
  4114 | D:4      | Found a basalt altar of Yredelemnul.
  4287 | D:4      | Found a staircase to the Ecumenical Temple.
  4347 | Temple   | Entered the Ecumenical Temple
  4646 | Temple   | Became a worshipper of Warmaster Okawaru
  4737 | D:5      | Entered Level 5 of the Dungeon
  4744 | D:5      | Reached XP level 7. HP: 43/43 MP: 10/10
  4745 | D:5      | Found Ysawko's Antique Armour Shoppe.
  5389 | D:5      | Noticed Duvessa
  5389 | D:5      | Noticed Dowan
  5412 | D:5      | Killed Duvessa
  5431 | D:5      | Killed from afar by an orc

Levels and vault maps discovered:
D:1:      minmay_arrival_doors, layout_basic
D:2:      layout_loops_corners, overflow_temple_1_default,
          amethyst_overflow_temple_binary, first_ration, minmay_guardbox
D:3:      layout_loops_ring, chequers_ecumenical_altar_island, uniq_sigmund
D:4:      layout_basic, yredelemnul_forgotten_temple_becter,
          minmay_temple_entry_poolview, uniq_edmund
D:5:      layout_gridville, serial_shops, nicolae_shop_stone,
          grunt_decor_clamped, moated_statue, hangedman_minor_gate_pass,
          uniq_ijyb, uniq_duvessa
Temple:   minmay_temple_bridge_d

Skill      XL: |  1  2  3  4  5  6  7 |
---------------+----------------------+-----
Crossbows      | 3 4 5 6 |  6.0
Fighting       | 3 4 |  4.0
Spellcasting   | 2 3 |  3.4
Hexes          | 4 |  4.5
Dodging        | |  2.4

Action                   |  1- 3 |  4- 6 |  7- 9 || total
-------------------------+-------+-------+-------++-------
Melee: Short sword       |    33 |    22 |       ||    55
       War axe           |       |    19 |       ||    19
       Dagger            |       |    29 |    57 ||    86
 Fire: Hand crossbow     |    52 |   125 |    14 ||   191
 Cast: Corona            |    13 |    20 |     1 ||    34
       Slow              |       |     3 |     2 ||     5
  Use: Scroll            |       |     8 |     4 ||    12
       Potion            |       |       |     2 ||     2
  Eat: Chunk             |    11 |    10 |     3 ||    24
Armor: Leather armour    |    13 |    43 |    21 ||    77
Dodge: Dodged            |    30 |    92 |    65 ||   187

Table legend:
 A = Non-vault XP
 B = Vault XP
 C = Vault XP percentage of total XP
 D = Non-vault monster count
 E = Vault monster count
 F = Vault count percentage of total count
                 A         B        C        D         E       F
            +---------+---------+-------+---------+---------+-------
      Total |     632 |     192 |  23.3 |      88 |      16 |  15.4
            +---------+---------+-------+---------+---------+-------
        D:1 |      34 |       0 |   0.0 |      19 |       0 |   0.0
        D:2 |      56 |      21 |  27.3 |      19 |      12 |  38.7
        D:3 |      64 |       0 |   0.0 |      13 |       0 |   0.0
        D:4 |     332 |       1 |   0.3 |      24 |       1 |   4.0
        D:5 |     146 |     170 |  53.8 |      13 |       3 |  18.8
            +---------+---------+-------+---------+---------+-------
